 Dungeon Sprint DCSS version 0.24.0-37-gcf1ca852f1 (webtiles) character file.

Game seed: 10614046004481036953, levelgen mode: deterministic

491 Groucho the Unseen (level 6, -3/28 HPs)
             Began as a Spriggan Enchanter on Nov 24, 2019.
             Slain by a hippogriff (9 damage)
             ... in the Dungeon (Sprint II: "The Violet Keep of Menkaure").
             The game lasted 00:03:31 (741 turns).

Groucho the Unseen (Spriggan Enchanter)              Turns: 741, Time: 00:03:31

Health: -3/28      AC:  1    Str:  6    XL:     6   Next: 91%
Magic:  13/19      EV: 18    Int: 16    God:
Gold:   140        SH:  0    Dex: 17    Spells: 11/23 levels left

rFire    . . .     SeeInvis +   a - +1 dagger
rCold    . . .     Gourm    .   (shield restricted)
rNeg     . . .     Faith    .   b - +0 robe
rPois    .         Spirit   .   (helmet restricted)
rElec    .         Reflect  .   (no cloak)
rCorr    .         Harm     .   (gloves unavailable)
MR       +....     NoTele   +   (boots unavailable)
Stlth    ++++++....             (no amulet)
HPRegen  0.09/turn              c - ring "Jaba" {+Inv +Fly}
MPRegen  0.16/turn              (no ring)

@: very quick
A: very small, unfitting armour, hooves 1, see invisible, deformed body,
deterioration 1, herbivore, speed 3, slow metabolism 2
a: Evoke Invisibility, Evoke Flight


You were in the Dungeon.
You were not hungry.

You visited 1 branch You collected 486 gold pieces.
You spent 346 gold pieces at shops.

Inventory:

Hand Weapons
 a - a +1 dagger (weapon)
Armour
 b - a +0 robe (worn)
Jewellery
 c - the ring "Jaba" (left hand) {+Inv +Fly}
   (You bought it in a shop in the Dungeon)

   [ring of flight]

   It lets you turn invisible.
   It lets you fly.
Scrolls
 j - a scroll of blinking
Potions
 e - a potion of curing
 g - a potion of haste
 h - 2 potions of magic
Comestibles
 d - a ration


   Skills:
 + Level 1.1 Short Blades
 + Level 3.0 Dodging
 - Level 15.7 Stealth
 + Level 9.3 Spellcasting
 + Level 9.6 Hexes


You had 11 spell levels left.
You knew the following spells:

 Your Spells              Type           Power        Failure   Level  Hunger
a - Corona                Hex            #####..      1%          1    None
b - Ensorcelled Hibernat  Hex/Ice        ###...       1%          2    None
c - Confuse               Hex            #####...     1%          3    #......
d - Dazzling Spray        Conj/Hex       ###...       4%          3    #......
e - Tukima's Dance        Hex            #####...     1%          3    #......

Your spell library contained the following spells:

 Spells                   Type           Power        Failure   Level  Hunger


Dungeon Overview and Level Annotations

Branches:
Dungeon (1/1)

Altars:

Shops:
D :!=[!?(*}%:?%[=}

Annotations:
D exclusion: oklob plant


Innate Abilities, Weirdness & Mutations

You are very small and have problems with some larger weapons.
You are too small for most types of armour.
You have supernaturally acute eyesight. (SInv)
You are a herbivore.
You cover ground extremely quickly.
You need to consume almost no food.
You have large cloven feet.
Armour fits poorly on your strangely shaped body.
Your body sometimes deteriorates upon taking damage.


Message History

The hippogriff bites you! The hippogriff barely misses you.
The hippogriff misses you.
Casting: Ensorcelled Hibernation (safe; 1% risk of failure)
Confirm with . or Enter, or press ? or * to list all spells.
Aiming: Ensorcelled Hibernation (safe; 1% risk of failure)
Press: ? - help, Shift-Dir - straight line, f/p - hippogriff
Aim: a hippogriff (chance to defeat MR: 48%)
The hippogriff resists with some effort.
The hippogriff barely misses you. The hippogriff completely misses you.
The hippogriff claws you.
Casting: Ensorcelled Hibernation (safe; 1% risk of failure)
Confirm with . or Enter, or press ? or * to list all spells.
Aiming: Ensorcelled Hibernation (safe; 1% risk of failure)
Press: ? - help, Shift-Dir - straight line, f/p - hippogriff
Aim: a hippogriff (chance to defeat MR: 48%)
The hippogriff resists with some effort.
The hippogriff completely misses you. The hippogriff pecks you!
* * * LOW HITPOINT WARNING * * *
The hippogriff claws you!
You die...

≈## ##########≈≈#+++#
#########≈≈≈....
.....∩.∩#≈≈≈≈.#
....∩.∩.#≈≈≈≈## ##
...∩.∩..#≈≈≈≈#.# #.#
..∩.∩...#≈≈####H#.# #
.⌠.∩....#≈##.###H# .##
..∩.∩...#≈#.#.##@##.w$#
...∩.∩..'≈'.##'.<.+#
....∩.∩.#≈#..###.##.w.#
▓▓▓▓▓▓###≈##.###'## .##
(HH######≈≈####.#.## #
[hH#$ ##≈≈≈#..#..#


∩Ph+H +#≈###.### %!.#)# ≈§##+# !.$ ## ≈≈ You could see 2 hippogriffs.

Vanquished Creatures
  3 neqoxecs (D)
  4 worker ants (D)
7 creatures vanquished.

Vanquished Creatures (others)
  A neqoxec (D)
  Menkaure (D)
  A crocodile (D)
3 creatures vanquished.

Grand Total: 10 creatures vanquished

Notes
Turn   | Place    | Note
-------+----------+-------------------------------------------
     0 | D        | Groucho the Spriggan Enchanter began the quest for the Orb.
     0 | D        | Reached XP level 1. HP: 9/9 MP: 5/5
     1 | D        | Noticed a neqoxec
     5 | D        | Noticed a tyrant leech
     5 | D        | Noticed a tyrant leech
     9 | D        | Noticed a hippogriff
     9 | D        | Noticed a hippogriff
    13 | D        | Noticed a worker ant
    13 | D        | Noticed a worker ant
    13 | D        | Noticed a worker ant
    13 | D        | Noticed a worker ant
    14 | D        | Killed a crocodile
    18 | D        | Killed a worker ant
    18 | D        | Reached skill level 7 in Stealth
    18 | D        | Reached skill level 5 in Hexes
    18 | D        | Reached XP level 2. HP: 13/13 MP: 6/8
    20 | D        | Reached skill level 8 in Stealth
    20 | D        | Reached XP level 3. HP: 16/16 MP: 7/10
    24 | D        | Reached skill level 9 in Stealth
    24 | D        | Reached skill level 5 in Spellcasting
    24 | D        | Reached XP level 4. HP: 21/21 MP: 8/12
    26 | D        | Reached skill level 10 in Stealth
   202 | D        | Learned a level 2 spell: Ensorcelled Hibernation
   206 | D        | Learned a level 3 spell: Confuse
   210 | D        | Learned a level 3 spell: Dazzling Spray
   214 | D        | Learned a level 3 spell: Tukima's Dance
   335 | D        | Gained mutation: Your body sometimes deteriorates upon
                  | taking damage. [a neqoxec]
   350 | D        | Killed a neqoxec
   350 | D        | Reached skill level 13 in Stealth
   350 | D        | Reached XP level 5. HP: 23/24 MP: 8/16
   422 | D        | Noticed a neqoxec
   426 | D        | Killed a neqoxec
   426 | D        | Reached skill level 14 in Stealth
   426 | D        | Reached XP level 6. HP: 28/28 MP: 13/18
   456 | D        | Found Iducka Cylol's Food Shoppe.
   456 | D        | Found Laghulex's Jewellery Emporium.
   456 | D        | Found Powato's Food Shoppe.
   460 | D        | Found Qosuqe Ikodgh's Gadget Emporium.
   460 | D        | Found Vaqosyaj's Assorted Antiques.
   460 | D        | Found Raoffewo's Magic Scroll Shoppe.
   460 | D        | Found Guper's Antique Weapon Emporium.
   460 | D        | Noticed a neqoxec
   461 | D        | Found Beze Cem's Magic Scroll Emporium.
   461 | D        | Found Afin Nem's Distillery.
   461 | D        | Found Paajoc's Antique Armour Emporium.
   461 | D        | Found Puapsach's Antique Armour Shoppe.
   461 | D        | Found Arupepre's Gadget Shoppe.
   461 | D        | Found Gohoaliotz's Book Emporium.
   461 | D        | Noticed a neqoxec
   462 | D        | Found Iwanlez's Jewellery Shoppe.
   462 | D        | Found Xuxudghoo's Distillery.
   462 | D        | Noticed a hippogriff
   481 | D        | Killed a neqoxec
   481 | D        | Reached skill level 15 in Stealth
   547 | D        | Gained mutation: Armour fits poorly on your strangely
                  | shaped body. [a neqoxec]
   547 | D        | Killed Menkaure
   548 | D        | Noticed a hippogriff
   548 | D        | Noticed a hippogriff
   548 | D        | Noticed an oklob plant
   550 | D        | Gained mutation: You have large cloven feet. [a neqoxec]
   694 | D        | Killed a neqoxec
   702 | D        | Found Kaha's Book Shoppe.
   702 | D        | Noticed a hell hog
   703 | D        | Noticed a hell hog
   707 | D        | Bought the ring "Jaba" {+Inv +Fly} for 346 gold pieces
   711 | D        | Noticed a manticore
   741 | D        | Slain by a hippogriff

Levels and vault maps discovered:
D:        the_violet_keep_of_menkaure [sprint2_stairs_cluster_1,
          sprint2_shoproom, sprint2_temple, sprint2_basic_supplies,
          sprint2_obstacle_4, sprint2_obstacle_6, sprint2_obstacle_5,
          sprint2_obstacle_2, sprint2_obstacle_3, sprint2_timed_cluster_1,
          sprint2_smallroom_cluster_1, sprint2_smallroom_final_cluster_1,
          sprint2_transparent_cluster_1, sprint2_second_timed_cluster_1,
          sprint2_sniper_area_1, sprint2_heavy_combat_area_1,
          sprint2_mutation_trap_area_1, sprint2_forest_area_1,
          sprint2_light_combat_area_1, sprint2_behind_water_1,
          sprint2_near_end_vault_1]

Skill      XL: |  1  2  3  4  5  6 |
---------------+-------------------+-----
Stealth        | 7 8 9 13 14 15 | 15.7
Spellcasting   | 4 5 7 8 9 |  9.3
Hexes          | 5 8 9 |  9.6
Short Blades   | |  1.1
Dodging        | |  3.0

Action                   |  1- 3 |  4- 6 || total
-------------------------+-------+-------++-------
Melee: Dagger            |    10 |    27 ||    37
 Cast: Confuse           |       |     3 ||     3
       Ensorcelled Hiber |       |     3 ||     3
  Use: Potion            |     1 |     1 ||     2
 Stab: Confused          |       |     7 ||     7
Dodge: Dodged            |     3 |    17 ||    20
